 Dungeon Crawl Stone Soup version 0.20.1-1-g8b1a95d (webtiles) character file.

73 Shizoidos the Skirmisher (level 4, 0/41 HPs)
             Began as a Minotaur Fighter on Nov 21, 2017.
             Slain by Crazy Yiuf
             ... wielding a +3 quarterstaff of chaos
              (9 damage)
             ... on level 1 of the Dungeon.
             The game lasted 00:12:26 (1234 turns).

Shizoidos the Skirmisher (Minotaur Fighter)         Turns: 1234, Time: 00:12:27

Health: 0/41       AC:  9    Str: 22    XL:     4   Next: 8%
Magic:  3/3        EV:  5    Int:  5    God:
Gold:   130        SH:  9    Dex:  9    Spells: 3/3 levels left

rFire    . . .     SeeInvis .   a - +0 war axe
rCold    . . .     Gourm    .   c - +0 shield
rNeg     . . .     Faith    .   l - +0 chain mail
rPois    .         Spirit   .   (helmet restricted)
rElec    .         Reflect  .   (no cloak)
rCorr    .         Harm     .   (no gloves)
MR       .....                  (no boots)
Stlth    ..........             (no amulet)
Regen    0.2/turn               (no ring)
MPRegen  0.1/turn               (no ring)

@: drained
A: retaliatory headbutt, horns 2
a: no special abilities


You were on level 1 of the Dungeon.
You were very hungry.

You visited 1 branch of the dungeon, and saw 2 of its levels.

You collected 130 gold pieces.

Inventory:

Hand Weapons
 a - a +0 war axe (weapon)
Armour
 c - a +0 shield (worn)
 l - a +0 chain mail (worn)
Scrolls
 e - a scroll of amnesia {unknown}
 h - 2 scrolls of identify {unknown}
 j - a scroll of blinking {unknown}
 m - 3 scrolls of teleportation {unknown}
 p - a scroll of noise {unknown}
 r - a scroll of remove curse {unknown}
Potions
 d - 2 potions of might
 g - a potion of degeneration {unknown}
 i - a potion of heal wounds {unknown}
 k - a potion of ambrosia {unknown}
 q - a potion of curing {unknown}
Comestibles
 b - 3 fruits
 f - a bread ration
 n - a royal jelly
 o - a meat ration


   Skills:
 + Level 4.3(4.1) Fighting
 + Level 3.6(3.4) Axes
 + Level 4.1(3.8) Armour
 + Level 0.3(0.1) Stealth
 + Level 4.2(3.9) Shields


You had 3 spell levels left.
You didn't know any spells.

Dungeon Overview and Level Annotations

Branches:
Dungeon (2/15)

Altars:

Annotations:
D:1 Crazy Yiuf


Innate Abilities, Weirdness & Mutations

You reflexively headbutt those who attack you in melee.
You have a pair of horns on your head.


Message History

Crazy Yiuf burns you.
* * * LOW HITPOINT WARNING * * *
Crazy Yiuf yells, "Island blue return to song!"
Crazy Yiuf yells, "Cod!"
Crazy Yiuf yells, "Sif Muna!
Cod agre tortoise."
Crazy Yiuf glowers.
Crazy Yiuf cries, "Defame ena ladder!"
There is an escape hatch in the ceiling here.
You can't go down here!
A mysterious force pulls you upwards. The hatch slams shut behind you.
You are feeling very hungry.
Crazy Yiuf hits you but does no damage.
You feel drained. You block Crazy Yiuf's attack.
A bat comes into view.
A giant cockroach comes into view.
You block the bat's attack. The bat hits you but does no damage.
Crazy Yiuf yells, "Candle!"
You closely miss the bat. The bat hits you but does no damage.
Crazy Yiuf hits you with a quarterstaff of chaos!
You die...

...# #...###.#..##'''##...#####
########...#......#.....#...#....
...........s...#..#.....#...#....
########.###..##..#..<..#...#####
.....# #.......#..#.....#........
.....#######...#..#######....####
.....+.........#.b...........)...
.....#.........#..>..............
...###.........#@#.#####.#.#.####
...# #.........g.#.# #.#.#+####
...# #...........#.# #.#.....##
...# ###########.#.# #.#.....##
...# #.......# #.#....... ####
#.###.#.### #.#.#.#.## #.#
#.#...# #.#.#.#.## #.# #.#...#
#.#.#.#.## #.# #.#...###.#.#.#...


You could see Crazy Yiuf and a bat.

Vanquished Creatures
  Terence (D:2)
  An adder (D:2)
  An ooze (D:1)
  4 leopard geckos
  3 bats
  2 giant cockroaches (D:1)
  3 goblins
  4 hobgoblins
  A jackal (D:2)
  3 frilled lizards
  6 kobolds
  3 rats
32 creatures vanquished.

Notes
Turn   | Place    | Note
-------+----------+-------------------------------------------
     0 | D:1      | Shizoidos the Minotaur Fighter began the quest for the Orb.
     0 | D:1      | Reached XP level 1. HP: 19/19 MP: 0/0
    73 | D:1      | Reached XP level 2. HP: 26/27 MP: 1/1
   787 | D:2      | Reached XP level 3. HP: 33/33 MP: 2/2
   818 | D:2      | Noticed Terence
   832 | D:2      | Killed Terence
   913 | D:2      | Reached XP level 4. HP: 31/41 MP: 3/3
  1188 | D:2      | Found a runed door.
  1192 | D:2      | Noticed Crazy Yiuf
  1234 | D:1      | Slain by Crazy Yiuf

Skill      XL: |  1  2  3 |
---------------+----------+-----
Shields        | 4 |  4.2
Fighting       | 4 |  4.3
Axes           | 3 |  3.6
Armour         | 4 |  4.1
Stealth        | |  0.3

Action                   |  1- 3 |  4- 6 || total
-------------------------+-------+-------++-------
Melee: War axe           |    54 |     8 ||    62
       Headbutt          |     4 |     3 ||     7
Armor: Scale mail        |    17 |       ||    17
       Chain mail        |    19 |     5 ||    24
Dodge: Dodged            |    23 |     1 ||    24
Block: Shield            |    28 |     6 ||    34
